 Dungeon Crawl Stone Soup version 0.28.0 (webtiles) character file.

Game seed: 12481889716379699203

81 Hasart the Shield-Bearer (level 4, 0/38 HPs)
             Began as a Demigod Fighter on Feb 16, 2022.
             Slain by Natasha (2 damage)
             ... on level 2 of the Dungeon.
             The game lasted 00:01:38 (1393 turns).

Hasart the Shield-Bearer (Demigod Fighter)          Turns: 1393, Time: 00:01:39

Health: 0/38       AC:  6    Str: 21    XL:     4   Next: 0%
Magic:  6/6        EV: 14    Int: 10    God:
Gold:   57         SH:  5    Dex: 19    Spells: 3/3 levels left

rFire   . . .      SeeInvis .   a - +0 war axe
rCold   . . .      Faith    .   c - +0 buckler
rNeg    . . .      Spirit   .   b - +0 scale mail
rPois   .          Reflect  .   (no helmet)
rElec   .          Harm     .   (no cloak)
rCorr   .          Rampage  .   (no gloves)
Will    .....                   (no boots)
Stlth   ..........              (no amulet)
HPRegen 0.12/turn               g - +6 ring of dexterity
MPRegen 0.10/turn               h - +4 ring of evasion

@: slowed, very slow
A: high MP 1, forlorn, divine attributes
a: no special abilities


You were on level 2 of the Dungeon.
You visited 1 branch of the dungeon, and saw 2 of its levels.

You collected 57 gold pieces.

Inventory:

Hand Weapons
 a - a +0 war axe (weapon)
Armour
 b - a +0 scale mail (worn)
 c - a +0 buckler (worn)
Jewellery
 g - a +6 ring of dexterity (left hand)
 h - a +4 ring of evasion (right hand)
Scrolls
 i - 3 scrolls of identify {unknown}
 j - a scroll of silence {unknown}
 k - a scroll of magic mapping {unknown}
 l - a scroll of teleportation {unknown}
 m - a scroll of holy word {unknown}
 n - a scroll of immolation {unknown}
 o - a scroll of fear {unknown}
 p - 2 scrolls of enchant weapon {unknown}
Potions
 d - a potion of might
 e - a potion of degeneration {unknown}
 f - a potion of magic {unknown}


   Skills:
 + Level 3.1 Fighting
 * Level 2.7 Axes
 + Level 3.0 Armour
 + Level 1.2 Dodging
 + Level 3.1 Shields


You had 3 spell levels left.
You didn't know any spells.
Your spell library contained the following spells:

 Spells                   Type           Power      Damage    Failure   Level
 Tukima's Dance           Hex            0%         N/A       99%         3
 Anguish                  Hex/Necr       0%         N/A       100%        4
 Enfeeble                 Hex            0%         N/A       100%        7


Dungeon Overview and Level Annotations

Branches:
Dungeon (2/15)

Annotations:
D:2 Natasha


Innate Abilities, Weirdness & Mutations

You have an increased reservoir of magic. (+10% MP)
You shall have no god before yourself.
Your divine heritage dramatically boosts your attributes as you level up.


Message History

Natasha is almost dead.
Natasha closely misses you. Natasha claws you.
You completely miss Natasha.
Natasha is almost dead.
Natasha casts a spell at you.
You feel as though you will be slow longer.
You block Natasha's attack. x2
You barely miss Natasha.
Natasha is severely wounded.
Natasha casts a spell.
Natasha casts a spell at you. You resist with some effort.
You barely miss Natasha.
Natasha is severely wounded.
Natasha closely misses you. Natasha barely misses you.
You barely miss Natasha.
Natasha is severely wounded.
Natasha stares at you and mumbles some strange words.
The magic dart hits you but does no damage.
Natasha casts a spell.
The shadow imp gestures at you. Pain shoots through your body!
* * * LOW HITPOINT WARNING * * *
You miss Natasha.
Natasha is severely wounded.
You closely miss the shadow imp. Natasha casts a spell at you.
The magic dart hits you.
* * * LOW HITPOINT WARNING * * *
The shadow imp misses you.
The shadow imp hits you but does no damage.
Natasha claws you but does no damage.
You closely miss Natasha.
Natasha is severely wounded.
You barely miss the shadow imp. Natasha claws you but does no damage.
The shadow imp spits at you.
The shadow imp hits you but does no damage.
The shadow imp gestures at you. Pain shoots through your body!
* * * LOW HITPOINT WARNING * * *
Natasha claws you.
You die...

#.....#.# ##.#.......##.#.#
##.....#.# #....###.####.#.#
###........###..###...# ##.#.###
..............####.#.# #......##
#.................>)# #>..##...
##..........###.....###...#....
#.............5........#.......
#.........รท.##5h.##.##....#####
#...<...##....@####............
##.....#.....### #####.#......
##.......##.# #.##.....
#......###.## ###.#######
#####....### #..# ###...#
.........# ##.# ##...#.#
........## #.## #..###.#
........# #..###.## #.#
<.......# ###.##..# #.#


You could see Natasha and 2 shadow imps.

Vanquished Creatures
  Natasha (D:2)
  A gnoll (D:1)
  2 adders
  A dart slug (D:1)
  4 bats (D:1)
  An endoplasm (D:1)
  3 giant cockroaches (D:1)
  4 goblins (D:1)
  A hobgoblin (D:1)
  2 jackals (D:1)
  A quokka (D:1)
  3 ball pythons (D:1)
  A frilled lizard (D:1)
  A kobold (D:1)
  2 rats (D:1)
28 creatures vanquished.

Notes
Turn   | Place    | Note
-------+----------+-------------------------------------------
     0 | D:1      | Hasart the Demigod Fighter began the quest for the Orb.
     0 | D:1      | Reached XP level 1. HP: 18/18 MP: 3/3
   126 | D:1      | Reached XP level 2. HP: 17/25 MP: 4/4
   621 | D:1      | Reached XP level 3. HP: 22/30 MP: 5/5
  1079 | D:2      | Noticed Natasha
  1088 | D:1      | Reached skill level 1 in Dodging
  1327 | D:2      | Killed Natasha
  1328 | D:2      | Reached XP level 4. HP: 38/38 MP: 6/6
  1375 | D:2      | Noticed Natasha
  1393 | D:2      | Slain by Natasha

Illustrated notes

Levels and vault maps discovered:
D:1:      noname_arrival_rooms_in_the_neighbourhood, layout_basic
D:2:      layout_rooms, basic_altar, uniq_natasha, uniq_jessica, uniq_terence

Skill      XL: |  1  2  3 |
---------------+----------+-----
Axes           | 2 |  2.7
Fighting       | 3 |  3.1
Dodging        | 1 |  1.2
Shields        | 3 |  3.1
Armour         | 3 |  3.0

Action                   |  1- 3 |  4- 6 || total
-------------------------+-------+-------++-------
Melee: War axe           |    82 |    16 ||    98
Armor: Scale mail        |    29 |     7 ||    36
Dodge: Dodged            |    69 |    11 ||    80
Block: Buckler           |    23 |     3 ||    26
